 Dungeon Crawl Stone Soup version 0.18.1-50-g88ac8fd (webtiles) character file.

315 Goblin1989 the Firebug (level 6, -1/41 HPs)
             Began as a Demonspawn Fire Elementalist on Oct 15, 2016.
             Slain by an ice beast (8 damage)
             ... on level 4 of the Dungeon.
             The game lasted 00:20:32 (3940 turns).

Goblin1989 the Firebug (DsFE)                       Turns: 3940, Time: 00:20:33

Health: -1/41      AC: 15    Str:  9    XL:     6   Next: 20%
Magic:  0/10       EV: 12    Int: 18    God:
Gold:   163        SH:  0    Dex: 11    Spells: 3 memorised, 2 levels left

rFire  . . .     SeeInvis .     k - +0 dagger (protect)
rCold  . . .     Gourm    .     a - +0 robe
rNeg   . . .     Faith    .     (no shield)
rPois  .         Spirit   .     (helmet restricted)
rElec  .         Dismiss  .     e - +0 cloak
rCorr  .         Reflect  .     (no gloves)
SustAt .         Harm     .     (no boots)
MR     .....                    (no amulet)
Stlth  ++........               (no ring)
                                (no ring)

@: not resistant to hostile enchantments, unstealthy
A: antennae 2, rough black scales 2
a: no special abilities


You were on level 4 of the Dungeon.
You were not hungry.

You visited 1 branch of the dungeon, and saw 5 of its levels.

You collected 163 gold pieces.

Inventory:

Hand Weapons
 k - a +0 dagger of protection (weapon)
Armour
 a - a +0 robe (worn)
 e - a +0 cloak (worn)
Scrolls
 f - 2 scrolls of amnesia {unknown}
 h - 3 scrolls of teleportation {unknown}
 l - a scroll of immolation {unknown}
 m - a scroll of fog {unknown}
 p - 3 scrolls of identify {unknown}
Potions
 d - a potion of agility {unknown}
 g - a potion of cure mutation {unknown}
 j - a potion of flight {unknown}
 q - a potion of cancellation
Books
 b - a book of Flames

   Spells                             Type                      Level
   a - Flame Tongue                   Conjuration/Fire             1
   b - Throw Flame                    Conjuration/Fire             2
   c - Conjure Flame                  Conjuration/Fire             3
   d - Inner Flame                    Hexes/Fire                   3
   e - Sticky Flame                   Conjuration/Fire             4
   f - Fireball                       Conjuration/Fire             5
Comestibles
 c - 3 bread rations {@e1}
 i - 2 meat rations {@e2}
 n - 7 fruits
 o - 2 chunks of flesh {@w0}


   Skills:
 - Level 1.7 Dodging
 - Level 1.7 Stealth
 + Level 2.9 Spellcasting
 * Level 4.1 Conjurations
 * Level 4.6 Fire Magic


You had 2 spell levels left.
You knew the following spells:

 Your Spells              Type           Power        Failure   Level  Hunger
a - Flame Tongue          Conj/Fire      ###..        2%          1    None
b - Sticky Flame          Conj/Fire      ###.....     28%         4    ####...
j - Conjure Flame         Conj/Fire      ###.....     10%         3    ###....


Dungeon Overview and Level Annotations

Branches:
Dungeon (5/15)
 Temple: D:4-7

Altars:
Xom

Annotations:
D:4 Edmund, Grinder


Innate Abilities, Weirdness & Mutations

You have a pair of antennae on your head.
You are mostly covered in rough black scales (AC +7, Dex -2).


Message History

Confirm with . or Enter, or press ? or * to list all spells.
Aiming: Flame Tongue
Press: ? - help, Shift-Dir - straight line, f - ice beast
Aim: an ice beast The flame tongue hits the ice beast.
The ice beast is lightly wounded.
Grinder hits you but does no damage. The ice beast closely misses you.
You now have 0/10 mp.
Unknown command.
Drink which item? (? for menu, Esc to quit)
It was a potion of cancellation.
Your magical contamination has completely faded away.
You feel magically purged. Grinder hits you!
* * * LOW HITPOINT WARNING * * *
You writhe in agony.
* * * LOW HITPOINT WARNING * * *
The ice beast hits you.
* * * LOW HITPOINT WARNING * * *
The ice beast freezes you!
You die...

ਜ ਜਜਜ .ਜ
..ਜ ਜਜ.ਜ
ਜ.ਜ ...
..ਜ ਜ.ਜ
.ਜਜਜਜਜਜ.
.....ਜਜ5ਜ
........
......Y@ਜ
.ਜ.ਜ....
..ਜਜਜਜਜਜਜ
......ਜ.
........
.ਜਜ...ਜ.
.ਜ ....
.ਜ ਜ.. ਜਜ
ਜ.. . ਜ.ਜ


You could see Grinder and an ice beast.

Vanquished Creatures
  Menkaure (D:4)
  An orc wizard (D:3)
  4 gnolls (D:3)
  4 adders (D:2)
  An ooze (D:1)
  An adder skeleton (D:4)
  3 dart slugs
  3 giant geckos
  8 orcs
  2 ball pythons
  2 giant cockroaches
  6 goblins
  6 hobgoblins
  6 jackals
  3 quokkas (D:2)
  7 bats
  6 giant newts
  8 kobolds
  A quokka zombie (D:5)
  6 rats
79 creatures vanquished.

Vanquished Creatures (others)
  A bat (D:1)
  A kobold (D:1)
2 creatures vanquished.

Grand Total: 81 creatures vanquished

Notes
Turn   | Place    | Note
--------------------------------------------------------------
     0 | D:1      | Goblin1989 the Demonspawn Fire Elementalist began the quest for the Orb.
     0 | D:1      | Reached XP level 1. HP: 13/13 MP: 3/3
   225 | D:1      | Gained mutation: You have a pair of small antennae on your head. [demonic ancestry]
   225 | D:1      | Reached XP level 2. HP: 7/19 MP: 0/5
   810 | D:1      | Gained mutation: You are partially covered in rough black scales (AC +4, Dex -1). [demonic ancestry]
   810 | D:1      | Reached XP level 3. HP: 24/24 MP: 2/6
  1897 | D:2      | Gained mutation: You have a pair of antennae on your head. [demonic ancestry]
  1897 | D:2      | Reached XP level 4. HP: 30/30 MP: 5/7
  2055 | D:2      | Learned a level 3 spell: Conjure Flame
  2733 | D:2      | Found a shimmering altar of Xom.
  2765 | D:3      | Reached XP level 5. HP: 10/35 MP: 2/8
  3368 | D:3      | Noticed an ogre
  3393 | D:4      | Learned a level 4 spell: Sticky Flame
  3439 | D:4      | Noticed Edmund
  3511 | D:4      | Noticed Menkaure
  3608 | D:4      | Killed Menkaure
  3608 | D:4      | Gained mutation: You are mostly covered in rough black scales (AC +7, Dex -2). [demonic ancestry]
  3608 | D:4      | Reached XP level 6. HP: 14/41 MP: 2/10
  3920 | D:5      | Entered Level 5 of the Dungeon
  3920 | D:5      | Noticed Grinder
  3921 | D:5      | Noticed an ice beast
  3925 | D:5      | Paralysed by Grinder for 4 turns
  3940 | D:4      | Slain by an ice beast

Skill      XL: |  1  2  3  4  5 |
---------------+----------------+-----
Fire Magic     | 3 4 |  4.6
Conjurations   | 2 3 4 |  4.1
Dodging        | |  1.7
Stealth        | |  1.7
Spellcasting   | |  2.9

Action                   |  1- 3 |  4- 6 || total
-------------------------+-------+-------++-------
Melee: Unarmed           |    27 |       ||    27
       Dagger            |       |     5 ||     5
 Cast: Flame Tongue      |    75 |    92 ||   167
       Conjure Flame     |       |     1 ||     1
  Use: Potion            |       |     1 ||     1
  Eat: Chunk             |     4 |     7 ||    11
Armor: Robe              |    53 |    17 ||    70
Dodge: Dodged            |    78 |    30 ||   108

Vault maps used:
D:1:      dpeg_arrival_arbitrary_b, lemuel_old_faithful
D:2:      lemuel_upstairs_altar
D:3:      grunt_dithmenos_smoke, first_bread, minmay_misc_feat_rugged
D:4:      kennysheep_mini, uniq_menkaure, uniq_edmund
D:5:      lemuel_castle_with_subvaults, serial_shops, shop,
          eino_small_chamber_without_monster, uniq_grinder
